 Dungeon Crawl Stone Soup version 0.29.0-4-gdea44cf6ec (webtiles) character file.

Game seed: 15280292564730093465

102 qw the Chopper (level 4, 0/26 HPs)
             Began as a Tengu Warper on Aug 28, 2022.
             Slain by an iguana (3 damage)
             ... on level 4 of the Dungeon.
             The game lasted 00:00:12 (3195 turns).

qw the Chopper (Tengu Warper)                       Turns: 3195, Time: 00:00:13

Health: 0/26       AC: 10    Str: 12 (13) XL:     4   Next: 77%
Magic:  8/8        EV:  9    Int: 12 (13) God:
Gold:   28         SH:  0    Dex: 13 (14) Spells: 7/7 levels left

rFire   . . .      SeeInvis .   Y - +0 hand axe
rCold   . . .      Faith    .   (no shield)
rNeg    . . .      Spirit   .   g - +0 scale mail
rPois   .          Reflect  .   (helmet restricted)
rElec   .          Harm     .   h - +0 cloak
rCorr   .          Rampage  .   n - +2 pair of gloves
Will    .....                   (boots unavailable)
Stlth   ..........              (no amulet)
HPRegen 0.08/turn               (no ring)
MPRegen 0.11/turn               (no ring)

@: no status effects
A: beak, talons 3
a: no special abilities


You were on level 4 of the Dungeon.
You visited 1 branch of the dungeon, and saw 4 of its levels.

You collected 106 gold pieces.
You spent 78 gold pieces at shops.


Innate Abilities, Weirdness & Mutations

You have a beak for a mouth.
You have claws for feet.


   Skills:
 - Level 2.0 Fighting
 + Level 5.3 Axes
 - Level 1.0 Throwing
 - Level 1.1 Armour
 - Level 2.1 Dodging
 - Level 2.0 Spellcasting
 - Level 2.4 Translocations


You had 7 spell levels left.
You didn't know any spells.
Your spell library contained the following spells:

 Spells                   Type           Power      Damage    Failure   Level
 Blink                    Tloc           12%        N/A       63%         2
 Gell's Gravitas          Tloc           6%         N/A       86%         3
 Lesser Beckoning         Tloc           6%         N/A       86%         3
 Teleport Other           Tloc           6%         N/A       86%         3
 Manifold Assault         Tloc           6%         N/A       100%        5

Inventory:

Hand Weapons
 i - a +0 mace
 Y - a +0 hand axe (weapon)
Missiles
 f - 3 boomerangs (quivered)
Armour
 b - a +0 chain mail
 g - a +0 scale mail (worn)
 h - a +0 cloak (worn)
 n - a +2 pair of gloves (worn)
Scrolls
 a - a scroll of identify
Potions
 c - a potion of cancellation
 d - a potion of resistance
 e - a potion of magic {unknown}
 j - 2 potions of curing
 k - a potion of heal wounds {unknown}
 l - a potion of attraction {unknown}
 m - a potion of brilliance {unknown}
 o - a potion of lignification {unknown}
 p - a potion of might {unknown}

Dungeon Overview and Level Annotations

Branches:
Dungeon (4/15)
 Temple: D:4-7

Altars:

Shops:
D:3 ?   D:4 (


Message History

The iguana is moderately wounded.
The iguana barely misses you.
You hit the iguana.
The iguana is moderately wounded.
The iguana barely misses you.
You hit the iguana.
The iguana is heavily wounded.
The iguana barely misses you.
You hit the iguana but do no damage. You peck the iguana, but do no damage.
The iguana is heavily wounded.
The iguana bites you but does no damage.
You hit the iguana but do no damage.
The iguana is heavily wounded.
The iguana bites you.
You hit the iguana. You claw the iguana.
The iguana is heavily wounded.
The iguana bites you.
You hit the iguana.
The iguana is severely wounded.
The iguana closely misses you.
You hit the iguana. You claw the iguana.
The iguana is almost dead.
The iguana closely misses you.
You closely miss the iguana.
The iguana is almost dead.
The iguana bites you but does no damage.
You hit the iguana but do no damage. You claw the iguana.
The iguana is almost dead.
The iguana bites you.
You barely miss the iguana. You peck the iguana, but do no damage.
The iguana is almost dead.
The iguana barely misses you.
You closely miss the iguana. Your kick misses the iguana.
The iguana is almost dead.
The iguana bites you!
You closely miss the iguana. You claw the iguana, but do no damage.
You peck the iguana, but do no damage.
The iguana is almost dead.
The iguana bites you.
You die...

########
#~~~~~~~
###~~...#
...~..~.#
.#.#....#
......l@###
...#......##
.....#8.>.8#
.#.# #....##
.. #..\.# #
#....##
#8.<.8#
#....##
###.##


You could see an iguana.

Vanquished Creatures
  Jessica (D:2)
  Terence (D:2)
  2 adders (D:2)
  A worm (D:2)
  An orc (D:3)
  4 ball pythons
  2 endoplasms (D:2)
  A giant cockroach (D:2)
  2 hobgoblins (D:2)
  5 kobolds
  A quokka (D:2)
  A bat (D:1)
  3 frilled lizards
  4 goblins
  3 rats
32 creatures vanquished.

Notes
Turn   | Place    | Note
-------+----------+-------------------------------------------
     0 | D:1      | qw the Tengu Warper began the quest for the Orb.
     0 | D:1      | Reached XP level 1. HP: 12/12 MP: 4/4
     0 | D:1      | 0 ||| qw: Version: 0.1-a-89-g26bdef1
     0 | D:1      | 0 ||| qw: Game counter: 181
     0 | D:1      | 0 ||| qw: Always use a shield: true
     0 | D:1      | 0 ||| qw: God list: Okawaru
     0 | D:1      | 0 ||| qw: Allow faded altars: false
     0 | D:1      | 0 ||| qw: Do Orc after D:15 true
     0 | D:1      | 0 ||| qw: Do second Lair branch before Depths: true
     0 | D:1      | 0 ||| qw: Lair rune preference: random
     0 | D:1      | 0 ||| qw: Plans: Normal
     0 | D:1      | 0 ||| PLANNING D:1-11
   682 | D:1      | 682 ||| UPGRADING to +0 cloak.
   687 | D:1      | 687 ||| READING 2 scrolls labelled IXICSU OFFOTS.
   688 | D:1      | 688 ||| READING 3 scrolls labelled GUAHIOLEJI.
   798 | D:1      | 798 ||| READING scroll labelled NOLORGH CUPLAY.
   799 | D:1      | 799 ||| DRINKING 2 glowing pink potions.
   800 | D:1      | 800 ||| DROPPING scroll of blinking.
   801 | D:1      | 801 ||| DROPPING 2 scrolls of torment.
   854 | D:2      | Noticed Jessica
   859 | D:2      | Killed Jessica
   860 | D:2      | Reached skill level 4 in Axes
   860 | D:2      | Reached XP level 2. HP: 9/17 MP: 6/6
   860 | D:2      | Reached XP level 3. HP: 11/21 MP: 7/7
   863 | D:2      | 863 ||| FLEEEEING.
   864 | D:2      | 864 ||| STAIRDANCE
  1085 | D:2      | Noticed Terence
  1110 | D:2      | Killed Terence
  1111 | D:2      | Reached XP level 4. HP: 8/26 MP: 8/8
  1634 | D:2      | Found a faded altar of an unknown god.
  1684 | D:2      | 1684 ||| Stepping ~*~*~tactically~*~*~ (stealth).
  1686 | D:2      | 1686 ||| Stepping ~*~*~tactically~*~*~ (stealth).
  1843 | D:2      | Reached skill level 5 in Axes
  1882 | D:2      | 1882 ||| Stepping ~*~*~tactically~*~*~ (stealth).
  2159 | D:2      | 2159 ||| Stepping ~*~*~tactically~*~*~ (stealth).
  2233 | D:2      | HP: 6/26 [poisoned by an adder]
  2237 | D:2      | HP: 2/26 [poisoned by an adder]
  2611 | D:2      | 2611 ||| UPGRADING to +0 scale mail.
  2621 | D:2      | 2621 ||| DROPPING +0 leather armour.
  2622 | D:2      | 2622 ||| UPGRADING to +2 pair of gloves.
  2627 | D:2      | 2627 ||| DROPPING ring of flight.
  2628 | D:2      | 2628 ||| DRINKING 2 lumpy brown potions.
  2629 | D:2      | 2629 ||| DROPPING potion of degeneration.
  3009 | D:3      | Found Kytocror's Magic Scroll Emporium.
  3018 | D:3      | 3018 ||| BUYING scroll of identify (26 gold).
  3018 | D:3      | Bought a scroll of identify for 26 gold pieces
  3018 | D:3      | 3018 ||| BUYING scroll of identify (26 gold).
  3018 | D:3      | Bought a scroll of identify for 26 gold pieces
  3018 | D:3      | 3018 ||| BUYING scroll of identify (26 gold).
  3018 | D:3      | Bought a scroll of identify for 26 gold pieces
  3018 | D:3      | 3018 ||| SHOPLISTING scroll of identify (26 gold, have 16).
  3018 | D:3      | 3018 ||| SHOPLISTING scroll of teleportation (39 gold, have
                  | 16).
  3136 | D:3      | 3136 ||| READING 4 scrolls of identify.
  3136 | D:3      | 3136 ||| IDENTIFYING red potion
  3137 | D:3      | 3137 ||| READING 3 scrolls of identify.
  3137 | D:3      | 3137 ||| IDENTIFYING puce potion
  3138 | D:3      | 3138 ||| READING 2 scrolls of identify.
  3138 | D:3      | 3138 ||| IDENTIFYING fizzy cyan potion
  3139 | D:3      | 3139 ||| DROPPING potion of berserk rage.
  3163 | D:4      | Found Azxehafu's Weapon Shop.
  3169 | D:4      | 3169 ||| SHOPLISTING +2 war axe of venom (226 gold, have
                  | 28).
  3169 | D:4      | 3169 ||| SHOPLISTING +6 war axe of Midnight {vorpal, Str+2}
                  | (649 gold, have 28).
  3194 | D:4      | HP: 3/26 [iguana (11)]
  3195 | D:4      | Slain by an iguana

Levels and vault maps discovered:
D:1:      dpeg_arrival_arbitrary_a, layout_basic
D:2:      layout_loops_ring, hellmonk_ecumenical_altar_inner_sanctum,
          minivault_11, hangedman_decor_clover_reticule, uniq_terence,
          uniq_jessica
D:3:      layout_basic, serial_shops, nicolae_square_shop
D:4:      layout_loops_ring, kennysheep_mini, slow_altar_1,
          gammafunk_ghost_abyssal_escape, serial_shops, nicolae_stop_n_shop_2,
          nicolae_stop_n_shop_1, nicolae_shop_trees, nicolae_lakefront_shop,
          shop, grunt_ministairs_8, corexii_hall_statues_l,
          chequers_serial_rivers_micro_e, serial_bayou_pond_d,
          kennysheep_generic_room_7

Skill      XL: |  1  2  3  4 |
---------------+-------------+-----
Axes           | 4 5 |  5.3
Fighting       | |  2.0
Throwing       | |  1.0
Armour         | |  1.1
Dodging        | |  2.1
Spellcasting   | |  2.0
Translocations | |  2.4

Action                   |  1- 3 |  4- 6 || total
-------------------------+-------+-------++-------
Melee: Hand axe          |    18 |    76 ||    94
       Peck              |     4 |    11 ||    15
       Kick              |     2 |    16 ||    18
       Unarmed           |    20 |       ||    20
       Punch             |       |     1 ||     1
Throw: Boomerang         |     5 |     7 ||    12
  Use: Scroll            |     3 |     3 ||     6
       Potion            |     1 |     1 ||     2
Armor: Leather armour    |     5 |     6 ||    11
       Skin              |     1 |       ||     1
       Scale mail        |       |     7 ||     7
Dodge: Dodged            |    18 |    28 ||    46

Table legend:
 A = Non-vault XP
 B = Vault XP
 C = Vault XP percentage of total XP
 D = Non-vault monster count
 E = Vault monster count
 F = Vault count percentage of total count
                 A         B        C        D         E       F
            +---------+---------+-------+---------+---------+-------
      Total |      73 |      73 |  50.0 |      30 |       2 |   6.2
            +---------+---------+-------+---------+---------+-------
        D:1 |       8 |       0 |   0.0 |       6 |       0 |   0.0
        D:2 |      50 |      73 |  59.3 |      14 |       2 |  12.5
        D:3 |      15 |       0 |   0.0 |      10 |       0 |   0.0
            +---------+---------+-------+---------+---------+-------
